 Dungeon Crawl Stone Soup version 0.16.1-11-g651b585 (webtiles) character file.

223 PaulMcIcedTea the Archer (level 5, 0/34 HPs)
             Began as a High Elf Hunter on Apr 1, 2015.
             Was an Initiate of Ashenzari.
             Slain by a scorpion (6 damage)
             ... on level 4 of the Dungeon on Apr 2, 2015.
             The game lasted 00:20:37 (2797 turns).

PaulMcIcedTea the Archer (High Elf Hunter)          Turns: 2797, Time: 00:20:37

Health: 0/34       AC:  5    Str: 11    XL:     5   Next: 66%
Magic:  8/8        EV: 12    Int: 15    God:    Ashenzari [......]
Gold:   121        SH:  0    Dex: 16    Spells: 0 memorised, 4 levels left

rFire  . . .     SeeInvis .     a - +0 short sword
rCold  . . .     Clarity  .     d - +1 leather armour
rNeg   . . .     SustAb   .     (no shield)
rPois  +         Gourm    .     k - +0 helmet
rElec  .         Spirit   .     (no cloak)
rCorr  .         Warding  .     (no gloves)
rMut   .         Stasis   .     (no boots)
MR     .....                    (no amulet)
Stlth  ++........               (no ring)
                                p - ring of poison resistance

@: not resistant to hostile enchantments, unstealthy
A: no striking features
a: Renounce Religion


You were on level 4 of the Dungeon.
You worshipped Ashenzari.
Ashenzari was noncommittal.
You were not hungry.

You visited 1 branch of the dungeon, and saw 4 of its levels.

You collected 121 gold pieces.

Inventory:

Hand weapons
 a - a +0 short sword (weapon)
 b - a +1 shortbow
 t - a +0 hunting sling
 x - a +0 hand axe
Missiles
 e - 7 stones (quivered)
 A - 26 bolts
Armour
 c - a +0 scale mail
 d - a +1 leather armour (worn)
 k - a +0 helmet (worn)
 u - a +0 leather armour
 z - a +0 leather armour
Magical staves
 h - an uncursed staff of power
Jewellery
 p - a ring of poison resistance (left hand)
Scrolls
 q - 2 scrolls of recharging
 r - 2 scrolls of remove curse
 y - a scroll of teleportation
Potions
 l - 3 potions of curing
 n - a potion of agility
 o - a potion of invisibility
 v - a potion of might
 w - a potion of restore abilities
Comestibles
 f - 3 bread rations
 g - a slice of pizza
 j - 2 beef jerkies
 m - 5 fruits


   Skills:
 + Level 2.1 Fighting
 + Level 8.6 Bows
 + Level 0.2 Throwing
 + Level 1.1 Armour
 + Level 2.5 Dodging
 + Level 1.6 Stealth


You had 4 spell levels left.
You didn't know any spells.

Dungeon Overview and Level Annotations

Branches:
Dungeon (4/15)
 Temple: D:4-7

Altars:
Ashenzari
Fedhas
Xom


Message History

The stone completely misses the scorpion.
The scorpion stings you.
Throwing (i - inventory):
e - 8 stones (quivered)
Press: ? - help, Shift-Dir - straight line, f/p - scorpion
Aim: a scorpion (heavily wounded)
You throw a stone. The stone closely misses the scorpion.
The scorpion barely misses you.
a - a +0 short sword (weapon)
The scorpion misses you.
You hit the scorpion but do no damage.
The scorpion is heavily wounded.
The scorpion barely misses you.
You hit the scorpion but do no damage.
The scorpion is heavily wounded.
The scorpion stings you!
* * * LOW HITPOINT WARNING * * *
You hit the scorpion.
The scorpion is heavily wounded.
The scorpion stings you.
You die...

### #.######.#
#((...s@.###
#.######...# ###
#..##..# ###.###
#..# #..#
##.....####.## #.
# ##........#..#
..###............#
................##
####.............#


You could see a scorpion.

Vanquished Creatures
  An orc priest (D:3)
  An orc wizard (D:3)
  7 adders
  A giant mite (D:3)
  A river rat (D:3)
  2 giant geckos (D:2)
  6 orcs (D:3)
  3 giant cockroaches
  6 hobgoblins
  4 jackals
  A quokka (D:2)
  2 ball pythons (D:3)
  11 bats
  6 giant newts
  8 goblins
  5 kobolds
  9 rats
74 creatures vanquished.

Vanquished Creatures (others)
  An orc wizard (D:3)
  4 toadstools (D:1)
5 creatures vanquished.

Grand Total: 79 creatures vanquished

Notes
Turn   | Place    | Note
--------------------------------------------------------------
     0 | D:1      | PaulMcIcedTea, the High Elf Hunter, began the quest for the Orb.
     0 | D:1      | Reached XP level 1. HP: 14/14 MP: 2/2
   281 | D:1      | Reached XP level 2. HP: 19/19 MP: 3/3
   639 | D:2      | Reached skill level 6 in Bows
   825 | D:2      | Found a blossoming altar of Fedhas.
   829 | D:2      | Reached XP level 3. HP: 24/24 MP: 5/5
   841 | D:2      | Became a worshipper of Fedhas Madash
  1216 | D:2      | Reached skill level 7 in Bows
  1264 | D:2      | Reached XP level 4. HP: 29/29 MP: 7/7
  1653 | D:3      | Found a shimmering altar of Xom.
  1811 | D:3      | Reached XP level 5. HP: 34/34 MP: 8/8
  1839 | D:3      | Reached skill level 8 in Bows
  1839 | D:3      | Reached skill level 1 in Armour
  1843 | D:3      | HP: 1/34 [orc wizard/magic dart (6)]
  2254 | D:3      | Found a shattered altar of Ashenzari.
  2295 | D:3      | Fell from the grace of Fedhas
  2295 | D:3      | Became a worshipper of Ashenzari the Shackled
  2797 | D:4      | Slain by a scorpion

Action                   |  1- 3 |  4- 6 || total
-------------------------+-------+-------++-------
Melee: Short sword       |       |    12 ||    12
 Fire: Shortbow          |    90 |   107 ||   197
Throw: Stone             |       |    16 ||    16
  Use: Potion            |     5 |     3 ||     8
       Scroll            |     3 |     5 ||     8
  Eat: Fruit             |     1 |       ||     1
       Meat ration       |       |     1 ||     1
